Map: 서브머린 - 래더

Players

Zest

  • Race: Protoss Protoss
  • Spawn Location: 11:00

PtitDrogo - Winner!

  • Race: Protoss Protoss
  • Spawn Location: 5:00

Event: StayAtHomestory Cup #2

VOD

Have the link to the VOD?

Description

Time

  • Played on: June 12, 2020, 1:30 p.m.
  • Length: 4:00

All games in this series

Show
View Real Time Build Order
Export as new Build Order

Zest Protoss 

Build Orders:  

Get SALT Encoding   

  12  0:00  Probe  
  13  0:13  Probe  
  14  0:18  Pylon  
  14  0:24  Probe  
  15  0:32  Probe  
  15  0:36  Gateway  
  15  0:40  Probe  
  16  0:46  Assimilator  
  17  0:51  Probe  
  17  0:54  Assimilator  
  18  0:59  Probe  
  19  1:07  Probe, Gateway  
  19  1:17  Probe  
  20  1:23  Cybernetics Core  
  21  1:29  Probe  
  22  1:33  Pylon  
  22  1:41  Probe  
  23  1:50  Warp Gate  
  23  1:54  Probe  
  24  1:59  Stalker x2  
  28  2:11  Pylon  
  28  2:23  Shield Battery  
  28  2:29  Adept x2  
  32  2:44  Nexus  
  32  2:58  Pylon  
  32  2:59  Sentry  
  32  3:00  Sentry  
  36  3:06  Probe  
  35  3:19  Shield Battery  
  36  3:25  Gateway  
  33  3:37  Shield Battery  
  33  3:40  Sentry x2  
  37  3:47  Shield Battery  
Show
View Real Time Build Order
Export as new Build Order

PtitDrogo Protoss - Winner!

Build Orders:  

Get SALT Encoding   

  12  0:00  Probe  
  13  0:12  Probe  
  14  0:17  Pylon  
  14  0:24  Probe  
  15  0:32  Probe  
  15  0:39  Gateway  
  15  0:40  Probe  
  16  0:47  Assimilator  
  17  0:51  Probe  
  17  0:54  Assimilator  
  18  0:59  Probe  
  19  1:07  Probe  
  19  1:10  Gateway  
  19  1:17  Probe  
  21  1:25  Cybernetics Core  
  21  1:29  Probe  
  22  1:35  Pylon  
  22  1:41  Probe  
  23  1:47  Warp Gate  
  23  2:02  Stalker x2  
  23  2:07  Gateway  
  27  2:14  Pylon  
  27  2:34  Stalker x2  
  31  2:55  Stalker  
  33  2:59  Shield Battery  
  31  3:23  Nexus  
  31  3:24  Probe  
  31  3:25  Pylon  
  32  3:36  Stalker x2  
  32  3:38  Stalker  
  36  3:43  Probe  
Tags
 
Add a new tag
Caveats
  • Supply blocks, unpowered buildings, or Contaminate may cause inaccurate times.
  • Supply counts are checked every 10 seconds.